 Dungeon Crawl Stone Soup version 0.30-a0-862-g1aabd4f9c5 (webtiles) character file.

Game seed: 17669491723143308941

66 holysushi the Trooper (level 4, -2/34 HPs)
             Began as an Octopode Monk on Mar 10, 2023.
             Slain by a gnoll
             ... wielding a +0 flail
              (12 damage)
             ... on level 2 of the Dungeon.
             The game lasted 00:00:56 (841 turns).

holysushi the Trooper (Octopode Monk)                Turns: 841, Time: 00:00:57

Health: -2/34      AC:  1    Str: 10    XL:     4   Next: 15%
Magic:  4/4        EV: 14    Int: 12    God:
Gold:   116        SH:  0    Dex: 16    Spells: 3/3 levels left

rFire   . . .      SeeInvis .    a - +0 short sword
rCold   . . .      Faith    .    (no shield)
rNeg    . . .      Spirit   .    (helmet restricted)
rPois   .          Reflect  .    (no amulet)
rElec   .          Rampage  .    (no ring)
rCorr   .                        (no ring)
Will    .....                    (no ring)
Stlth   ++                       (no ring)
HPRegen 0.25/turn                (no ring)
MPRegen 0.09/turn                (no ring)
                                 (no ring)
                                 (no ring)

@: confused, ambrosia-drunk
A: almost no armour, amphibious, 8 rings, camouflage 1, gelatinous body 1,
(nimble swimmer 1), tentacles
a: no special abilities


You were on level 2 of the Dungeon.
You visited 1 branch of the dungeon, and saw 2 of its levels.

You collected 116 gold pieces.

Inventory:

Hand Weapons
 a - a +0 short sword (weapon)
Scrolls
 c - a scroll of summoning {unknown}
 e - 3 scrolls of amnesia {unknown}
 f - a scroll of teleportation {unknown}
 h - a scroll of identify {unknown}
 i - a scroll of vulnerability {unknown}
 j - a scroll of poison {unknown}
 k - a scroll of immolation {unknown}
Potions
 d - 4 potions of heal wounds {unknown}
 g - 2 potions of resistance {unknown}
 l - a potion of brilliance {unknown}


   Skills:
 + Level 4.8 Fighting
 - Level 3.1 Short Blades
 - Level 3.0 Dodging
 - Level 2.6 Stealth


You had 3 spell levels left.
You didn't know any spells.
Your spell library was empty.

Dungeon Overview and Level Annotations

Branches:
Dungeon (2/15) Zot: 11171

Altars:

Shops:
D:1 :


Innate Abilities, Weirdness & Mutations

You cannot wear most types of armour.
You are amphibious.
You can wear up to eight rings at the same time.
Your skin changes colour to match your surroundings (Stealth+).
Your rubbery body absorbs attacks. (AC +1, EV +1)
((You are camouflaged when in or above water. (Stealth+)))
You have tentacles for arms and can constrict up to eight enemies at once.


Message History

You now have 102 gold pieces (gained 5).
You now have 116 gold pieces (gained 14).
d - 4 fuming emerald potions (gained 2)
Found a sling.
Found a stone staircase leading down.
No target in view!
There is a stone staircase leading down here.
You see here a +0 sling. 3 gnolls come into view.
Found a silvery potion and a scroll labelled VUOLOG GAGH.
A gnoll comes into view. It is wielding a +0 spear.
The gnoll shouts! x4
There are monsters nearby!
There are monsters nearby!
You hit the gnoll but do no damage. Your grab misses the gnoll.
There are monsters nearby!
You barely miss the gnoll. Your grab misses the gnoll.
The gnoll attacks as you move away! The gnoll hits you with a +0 club!
The gnoll attacks as you move away! The gnoll hits you with a +0 club.
You see here a +0 sling.
You hit the gnoll but do no damage. You grab the gnoll. You squeeze the gnoll.
The gnoll is heavily wounded.
You constrict the gnoll, but do no damage.
You hit the gnoll but do no damage.
The gnoll is heavily wounded.
You constrict the gnoll. The gnoll hits you with a +0 club!
You hit the gnoll.
The gnoll is almost dead.
You constrict the gnoll.
The gnoll escapes!
The gnoll hits you with a +0 club.
* * * LOW HITPOINT WARNING * * *
You barely miss the gnoll. Your grab misses the gnoll. You squeeze the gnoll.
You kill the gnoll!
You have reached level 4!
You are confused.
You feel invigorated. The gnoll hits you with a +0 flail!
* * * LOW HITPOINT WARNING * * *
You bump into the rock wall.
The gnoll closely misses you. The gnoll hits you with a +0 flail!
You die...

#######...######
.# ...........#
..#
#########..###
#.# #....# .?.
#.##.# ###g#
#.##.# #..g#
#.##.## #####.#
#.##..####)g...#
#.# #.##@gg#####
#.# #....### #.#
#...## #.# #.#>#
#.###.###
#.....# #######


You could see 3 gnolls.

Vanquished Creatures
  2 gnolls
  An adder (D:2)
  A dart slug (D:1)
  A ball python (D:1)
  4 giant cockroaches (D:1)
  4 hobgoblins
  6 jackals
  2 kobolds (D:1)
  4 quokkas (D:1)
  4 bats (D:1)
  A frilled lizard (D:1)
  A goblin (D:1)
  2 rats
33 creatures vanquished.

Notes
Turn   | Place    | Note
-------+----------+-------------------------------------------
     0 | D:1      | holysushi the Octopode Monk began the quest for the Orb.
     0 | D:1      | Reached XP level 1. HP: 16/16 MP: 1/1
    67 | D:1      | Reached XP level 2. HP: 12/21 MP: 2/2
   172 | D:1      | Reached skill level 4 in Fighting
   213 | D:1      | Reached XP level 3. HP: 27/27 MP: 3/3
   240 | D:1      | Found Hivvuhit's Vocational Training.
   758 | D:2      | Found a faded altar of an unknown god.
   839 | D:2      | Reached XP level 4. HP: 8/34 MP: 4/4
   841 | D:2      | Slain by a gnoll

Illustrated notes

Levels and vault maps discovered:
D:1:      nicolae_arrival_washed_ashore, layout_rooms,
          hangedman_decor_slide_cut, nicolae_shop_vocational
D:2:      layout_basic, hellmonk_ecumenical_altar_inner_sanctum,
          amcnicky_mini_corridor_feature

Skill      XL: |  1  2 |
---------------+-------+-----
Fighting       | 4 |  4.8
Short Blades   | |  3.1
Dodging        | |  3.0
Stealth        | |  2.6

Action                     |  1- 3 |  4- 6 || total
---------------------------+-------+-------++-------
  Melee: Short sword       |    78 |       ||    78
         Constrict         |    21 |       ||    21
         Tentacles         |    19 |       ||    19
         Punch             |     1 |       ||     1
    Use: Potion            |       |     1 ||     1
   Stab: Sleeping          |     5 |       ||     5
 Armour: Skin              |     8 |       ||     8
  Dodge: Dodged            |    46 |     1 ||    47

Table legend: (Time is in decaauts)
 A = Elapsed time spent in this place.
 B = Non-inter-level travel time spent in this place.
 C = Inter-level travel time spent in this place.
 D = Time resting spent in this place.
 E = Time spent auto-exploring this place.
 F = Levels seen in this place.
 G = Mean time per level.
                   A        B        C        D        E       F      G
               +--------+--------+--------+--------+--------+-----+--------+
         Total |    827 |    823 |      4 |     35 |    556 |   2 |  413.5 |
       Dungeon |    827 |    823 |      4 |     35 |    556 |   2 |  413.5 |
               +--------+--------+--------+--------+--------+-----+--------+

Top non-repeatable levels by time:
     D:1: 665 daAuts
     D:2: 162 daAuts
